 Dungeon Crawl Stone Soup version 0.22.0-21-g8bd1b0a (webtiles) character file.

2213 tsouns the Chiller (level 9, -7/68 HPs)
             Began as a Naga Ice Elementalist on Aug 19, 2018.
             Was an Initiate of Vehumet.
             Mangled by an orc warrior
             ... wielding a +0 halberd
              (17 damage)
             ... on level 7 of the Dungeon.
             The game lasted 00:25:56 (6243 turns).

tsouns the Chiller (Naga Ice Elementalist)          Turns: 6243, Time: 00:25:57

Health: -7/68      AC:  7    Str: 10    XL:     9   Next: 35%
Magic:  9/18       EV: 10    Int: 18    God:    Vehumet [......]
Gold:   354        SH:  0    Dex: 13    Spells: 9/20 levels left

rFire    + . .     SeeInvis +   h - +1 hunting sling
rCold    + + .     Gourm    .   (no shield)
rNeg     . . .     Faith    .   x - +0 robe {MR+}
rPois    +         Spirit   .   n - +2 helmet
rElec    .         Reflect  .   f - scarf {rC+ rF+}
rCorr    .         Harm     .   (no gloves)
MR       ++...                  (no barding)
Stlth    ++........             (no amulet)
HPRegen  0.21/turn              k - ring of protection from cold
MPRegen  0.16/turn              (no ring)

@: very slow
A: large, see invisible, deformed body, poison resistance, slowness 2, slow
metabolism 1, spit poison 1, AC +3
a: Spit Poison, Renounce Religion


You were on level 7 of the Dungeon.
You worshipped Vehumet.
Vehumet was noncommittal.
You were not hungry.

You visited 2 branches of the dungeon, and saw 8 of its levels.

You collected 354 gold pieces.

Inventory:

Hand Weapons
 h - a +1 hunting sling (weapon)
 t - a +0 whip of electrocution
 y - a +1 dagger of venom
Missiles
 b - 32 sling bullets (quivered)
 j - 146 stones
 l - 4 javelins
Armour
 f - a scarf of resistance (worn)
 n - a +2 helmet (worn)
 o - a +1 cloak
 x - a +0 robe of magic resistance (worn)
Jewellery
 a - an uncursed ring of fire
 k - a ring of protection from cold (left hand)
Scrolls
 g - 4 scrolls of remove curse
 m - 2 scrolls of amnesia
 q - 2 scrolls of enchant armour
 v - a scroll of enchant weapon
 z - 2 scrolls of blinking
Potions
 d - 2 potions of heal wounds
 e - 2 potions of mutation
 i - a potion of curing
 p - 3 potions of flight
 r - a potion of might
 u - a potion of ambrosia {unknown}
 w - 3 potions of berserk rage
 A - a potion of brilliance {unknown}
Comestibles
 c - 11 rations
 s - 6 chunks of flesh


   Skills:
 - Level 1.5 Dodging
 - Level 3.0 Stealth
 + Level 6.3 Spellcasting
 - Level 5.6 Conjurations
 + Level 5.1 Summonings
 + Level 7.2 Ice Magic


You had 9 spell levels left.
You knew the following spells:

 Your Spells              Type           Power        Failure   Level  Hunger
a - Freeze                Ice            ####         1%          1    None
b - Throw Frost           Conj/Ice       ####..       1%          2    None
c - Throw Icicle          Conj/Ice       ####....     9%          4    ####...
d - Summon Ice Beast      Ice/Summ       ####....     9%          4    ####...

Your spell library contained the following spells:

 Spells                   Type           Power        Failure   Level  Hunger
 Ozocubu's Armour         Chrm/Ice       ###.....     8%          3    ##.....
 Confusing Touch          Hex            #.....       12%         1    None
 Confuse                  Hex            #.......     34%         3    ##.....
 Gell's Gravitas          Tloc           #.........   34%         3    ##.....
 Metabolic Englaciation   Hex/Ice        ###.......   58%         5    #####..
 Leda's Liquefaction      Hex/Erth       #.........   75%         4    ####...
 Petrify                  Tmut/Erth      #.......     75%         4    ####...
 Bolt of Magma            Conj/Fire/Erth ##........   83%         5    #####..
 Yara's Violent Unravell  Hex/Tmut       #.........   97%         5    #####..
 Iron Shot                Conj/Erth      ###.......   99%         6    #######
 Statue Form              Tmut/Erth      #........    100%        6    #######
 Shatter                  Erth           #.........   100%        9    #######


Dungeon Overview and Level Annotations

Branches:
Dungeon (7/15)             Temple (1/1) D:6

Altars:
Cheibriados
Dithmenos
Elyvilon
Gozag
Hepliaklqana
Kikubaaqudgha
Makhleb
Nemelex Xobeh
Okawaru
Qazlal
Sif Muna
Trog
Uskayaw
Vehumet
Xom
Yredelemnul
Zin
The Shining One


Innate Abilities, Weirdness & Mutations

You cannot wear boots.
Your serpentine skin is tough. (AC +3)
You have supernaturally acute eyesight. (SInv)
Armour fits poorly on your strangely shaped body.
Your system is resistant to poisons. (rPois)
You cover ground very slowly.
You have a slow metabolism.
You can spit poison.


Message History

Casting: Freeze (safe; 1% risk of failure)
Confirm with . or Enter, or press ? or * to list all spells.
Aiming: Freeze (safe; 1% risk of failure)
Press: ? - help, Shift-Dir - straight line, f/p - hippogriff
Aim: a hippogriff (heavily wounded)
You freeze the hippogriff.
The hippogriff is heavily wounded.
Your ice beast hits the hippogriff but does no damage.
The hippogriff bites you. The hippogriff pecks you.
The hippogriff claws you but does no damage.
The orc warrior hits you from afar with a halberd!
* * * LOW HITPOINT WARNING * * *
Your ice beast hits the hippogriff.
Your ice beast freezes the hippogriff!
The hippogriff bites you but does no damage.
The hippogriff pecks you.
* * * LOW HITPOINT WARNING * * *
The hippogriff claws you.
* * * LOW HITPOINT WARNING * * *
The orc warrior hits you from afar with a halberd!
You die...

####.###.##
..#.## ##.##
#. #..##
##.####.
###.##
##.###..W #
##.###.###...o
# #..#..#
#..#o## #
#.....#
#..#oo#..#
#.....#
#..##H#..#
#))†..#
#....@Y..#
#.<)..#
#........#
#######
##.##.##.#
##.##
#.##.##.#
##.#.##
#.##.##.#
##.###.##
#.##.##.# #<##
##.##
#.......# .##
##.# ####.####
#.##
##..#######.#


You could see a hippogriff, a phantom, an orc warrior, an orc priest, an orc
wizard (invisible), an orc and a friendly ice beast.

Vanquished Creatures
  Pikel (D:4)
  Grinder (D:6)
  An orc warrior (D:6)
  2 ogres
  A big kobold (D:7)
  2 bullfrogs
  3 scorpions
  2 crimson imps
  2 hounds
  2 jellies
  An orc priest (D:5)
  Crazy Yiuf (D:2)
  A centaur skeleton (D:7)
  Jessica (D:2)
  5 iguanas
  A bullfrog skeleton (D:5)
  4 orc wizards
  2 worker ants
  A hound skeleton (D:5)
  A worker ant zombie (D:5)
  Robin (D:2)
  10 adders
  2 adder skeletons
  5 worms
  2 dart slugs
  3 leopard geckos
  13 orcs
  5 giant cockroaches
  2 gnoll zombies (D:3)
  13 goblins
  8 hobgoblins
  6 jackals
  14 kobolds
  A quokka (D:4)
  10 bats
  7 frilled lizards
  A jackal zombie (D:6)
  8 rats
146 creatures vanquished.

Vanquished Creatures (collateral kills)
  Menkaure (D:4)
  An ice beast (D:5)
  An orc priest (D:6)
  An orc (D:6)
4 creatures vanquished.

Vanquished Creatures (others)
  A ball python (D:4)
  A quokka skeleton (D:4)
2 creatures vanquished.

Grand Total: 152 creatures vanquished

Notes
Turn   | Place    | Note
-------+----------+-------------------------------------------
     0 | D:1      | tsouns the Naga Ice Elementalist began the quest for the Orb.
     0 | D:1      | Reached XP level 1. HP: 15/15 MP: 3/3
   221 | D:1      | Reached XP level 2. HP: 5/22 MP: 0/5
   457 | D:1      | Learned a level 2 spell: Throw Frost
   969 | D:2      | Reached XP level 3. HP: 25/28 MP: 1/6
  1041 | D:2      | Noticed Jessica
  1045 | D:2      | Killed Jessica
  1177 | D:2      | Reached skill level 4 in Ice Magic
  1177 | D:2      | Reached XP level 4. HP: 22/36 MP: 0/8
  1183 | D:2      | Learned a level 4 spell: Throw Icicle
  1280 | D:2      | Found a faded altar of an unknown god.
  1521 | D:2      | Found a runed door.
  1525 | D:2      | Noticed Crazy Yiuf
  1531 | D:2      | Killed Crazy Yiuf
  1531 | D:2      | Reached XP level 5. HP: 32/42 MP: 5/10
  1604 | D:2      | Noticed Robin
  1611 | D:2      | Killed Robin
  2098 | D:3      | Found a white marble altar of Elyvilon.
  2100 | D:3      | Found a radiant altar of Vehumet.
  2100 | D:3      | Found a snail-covered altar of Cheibriados.
  2105 | D:3      | Found a shimmering altar of Xom.
  2105 | D:3      | Found a shimmering altar of Xom.
  2105 | D:3      | Found a stormy altar of Qazlal.
  2296 | D:3      | You fall through a shaft for 3 floors!
  2358 | D:6      | Reached XP level 6. HP: 49/49 MP: 8/11
  2364 | D:6      | Learned a level 4 spell: Summon Ice Beast
  2377 | D:5      | Entered Level 5 of the Dungeon
  2438 | D:5      | Noticed an ice beast
  2579 | D:6      | Reached skill level 1 in Summonings
  2579 | D:6      | Reached skill level 5 in Ice Magic
  2653 | D:6      | Reached XP level 7. HP: 55/55 MP: 6/13
  3206 | D:3      | Found a basalt altar of Yredelemnul.
  3563 | D:4      | Noticed Menkaure
  3570 | D:4      | Killed Menkaure
  3770 | D:4      | Found a deep blue altar of Sif Muna.
  3811 | D:4      | Noticed Pikel
  3835 | D:4      | Killed Pikel
  3835 | D:4      | Reached skill level 5 in Spellcasting
  3835 | D:4      | Reached skill level 6 in Ice Magic
  3835 | D:4      | Reached XP level 8. HP: 25/62 MP: 5/15
  4123 | D:4      | Found a deep blue altar of Sif Muna.
  4408 | D:5      | Reached skill level 5 in Conjurations
  4564 | D:5      | Found an iron altar of Okawaru.
  4722 | D:5      | Found a hide-covered altar of Uskayaw.
  4922 | D:5      | Found a burning altar of Makhleb.
  5084 | D:5      | Noticed a moth of wrath
  5087 | D:5      | Found a bloodstained altar of Trog.
  5311 | D:6      | Found a staircase to the Ecumenical Temple.
  5319 | Temple   | Entered the Ecumenical Temple
  5374 | Temple   | Became a worshipper of Vehumet
  5594 | D:6      | Reached XP level 9. HP: 51/68 MP: 10/17
  5728 | D:6      | Noticed Grinder
  5750 | D:6      | Killed Grinder
  5910 | D:6      | Reached skill level 7 in Ice Magic
  6137 | D:7      | Reached skill level 5 in Summonings
  6243 | D:7      | Mangled by an orc warrior

Skill      XL: |  1  2  3  4  5  6  7  8  9 |
---------------+----------------------------+-----
Spellcasting   | 3 4 5 6 |  6.3
Ice Magic      | 4 5 6 7 |  7.2
Conjurations   | 2 3 4 5 |  5.6
Summonings     | 1 3 4 5 |  5.1
Dodging        | |  1.5
Stealth        | |  3.0

Action                   |  1- 3 |  4- 6 |  7- 9 || total
-------------------------+-------+-------+-------++-------
Melee: Unarmed           |     5 |       |       ||     5
 Fire: Hunting sling     |    11 |    65 |   175 ||   251
 Cast: Freeze            |    33 |    71 |   102 ||   206
       Throw Frost       |       |    12 |    34 ||    46
       Summon Ice Beast  |       |       |     6 ||     6
 Abil: Spit Poison       |     4 |       |     1 ||     5
  Use: Scroll            |       |    10 |     8 ||    18
       Potion            |       |       |     1 ||     1
  Eat: Chunk             |     1 |     4 |     7 ||    12
       Ration            |       |       |     1 ||     1
Armor: Robe              |    11 |    36 |    57 ||   104
Dodge: Dodged            |    25 |    41 |    84 ||   150
